 Dungeon Crawl Stone Soup version 0.15.0-12-gccce430 (webtiles) character file.

117 Leibowitz the Sneak (level 5, -3/46 HPs)
             Began as a Naga Assassin on Sept 2, 2014.
             Slain by an ooze (4 damage)
             ... on Level 4 of the Dungeon.
             The game lasted 00:14:00 (2826 turns).

Leibowitz the Sneak (Naga Assassin)                 Turns: 2826, Time: 00:14:01

HP  -3/46        AC  3     Str 14      XL: 5   Next:  1%
MP  14/14        EV 10     Int 11      God:
Gold 156         SH  0     Dex 13      Spells:  0 memorised,  4 levels left

rFire  . . .     SeeInvis +     a - +2 dagger
rCold  . . .     Clarity  .     c - +0 robe
rNeg   . . .     rCorr    .     (no shield)
rPois  +         rRot     .     (no helmet)
rElec  .         Spirit   .     d - +0 cloak
SustAb .         Warding  .     (no gloves)
rMut   .         Stasis   .     (no barding)
Gourm  .                        (no amulet)
MR     .....                    (no ring)
                                s - ring of magical power

@: very slow, not resistant to hostile enchantments, stealthy
A: spit poison, see invisible, deformed body, poison resistance, slowness 2, AC
+1
a: Spit Poison


You were on level 4 of the Dungeon.
You were not hungry.

You visited 1 branch of the dungeon, and saw 4 of its levels.

You collected 156 gold pieces.

Inventory:

Hand weapons
 a - a +2 dagger (weapon)
 b - a +0 blowgun
Missiles
 e - 8 poisoned needles
 f - 2 curare-tipped needles
Armour
 c - a +0 robe (worn)
 d - a +0 cloak (worn)
Comestibles
 g - 3 bread rations
 n - 6 fruits
 w - a chunk of giant newt flesh
 z - a rotting chunk of hobgoblin flesh
Scrolls
 j - a scroll of enchant weapon {unknown}
 l - 3 scrolls of fog {unknown}
 o - a scroll of noise {unknown}
 p - a scroll of remove curse {unknown}
 r - 3 scrolls of amnesia {unknown}
 t - a scroll of magic mapping {unknown}
 u - a scroll of recharging {unknown}
Jewellery
 s - a ring of magical power (left hand)
Potions
 h - a potion of magic {unknown}
 i - a potion of heal wounds {unknown}
 k - 2 potions of lignification {unknown}
 m - a potion of restore abilities {unknown}
 q - a potion of brilliance {unknown}
 v - a potion of haste {unknown}


   Skills:
 * Level 2.5 Fighting
 * Level 2.7 Short Blades
 - Level 1.7 Throwing
 * Level 2.1 Dodging
 + Level 7.3 Stealth


You had 4 spell levels left.
You didn't know any spells.

Dungeon Overview and Level Annotations

Branches:
Dungeon (4/15)
 Temple: D:4-7

Altars:

Annotations:
D:3 Grinder; HungrySpirit's ghost, weakling TrBe


Innate Abilities, Weirdness & Mutations

You cannot wear boots.
You can spit poison.
Your serpentine skin is tough (AC +1).
You have supernaturally acute eyesight.
Armour fits poorly on your strangely shaped body.
Your system is resistant to poisons.
You cover ground very slowly.


Message History

You hit the ooze.
The ooze is heavily wounded.
You hit the ooze.
The ooze is severely wounded.
The ooze hits you.
* * * LOW HITPOINT WARNING * * *
You hit the ooze.
The ooze is almost dead.
The ooze hits you.
* * * LOW HITPOINT WARNING * * *
You hit the ooze but do no damage.
The ooze is almost dead.
The ooze hits you but does no damage.
You hit the ooze but do no damage.
The ooze is almost dead.
You hit the ooze.
The ooze is almost dead.
The ooze jiggles.
The ooze hits you.
You die...

# #.## #....
#...#########
#...J@%<....#
#..............#
##+#..##.##....
..... ..# #..
#.##.. .... .
... ........# ..
..##.#..# . ....
.#.. ... .


You could see an ooze.

Vanquished Creatures
  Natasha (D:3)
  2 adders (D:2)
  A giant mite (D:1)
  A worm (D:2)
  An orc (D:3)
  A ball python (D:2)
  10 bats
  4 giant cockroaches
  4 goblins
  11 hobgoblins
  4 jackals
  6 kobolds
  A quokka (D:3)
  A giant gecko (D:3)
  5 giant newts
  5 rats
58 creatures vanquished.

Notes
Turn   | Place    | Note
--------------------------------------------------------------
     0 | D:1      | Leibowitz, the Naga Assassin, began the quest for the Orb.
     0 | D:1      | Reached XP level 1. HP: 19/19 MP: 1/1
    37 | D:1      | Reached skill level 6 in Stealth
   319 | D:1      | Reached XP level 2. HP: 12/26 MP: 2/2
   685 | D:1      | Reached skill level 1 in Dodging
  1005 | D:1      | Reached XP level 3. HP: 32/32 MP: 3/3
  1217 | D:1      | Reached skill level 7 in Stealth
  1801 | D:2      | Reached XP level 4. HP: 37/39 MP: 4/4
  2536 | D:3      | Noticed Natasha
  2549 | D:3      | Killed Natasha
  2762 | D:3      | Noticed HungrySpirit's ghost (weakling TrBe)
  2768 | D:3      | Reached XP level 5. HP: 46/46 MP: 5/5
  2803 | D:3      | Noticed Grinder
  2823 | D:4      | HP: 1/46 [ooze (4)]
  2826 | D:4      | Slain by an ooze

Action                   |  1- 3 |  4- 6 || total
-------------------------+-------+-------++-------
Melee: Dagger            |   117 |    90 ||   207
 Abil: Spit Poison       |     2 |     1 ||     3
 Stab: Sleeping          |     7 |     8 ||    15
  Eat: Chunk             |     3 |     3 ||     6
